 Dungeon Crawl Stone Soup version 0.21.1-1-g345015fe64 (webtiles) character file.

362 Rrauwl the Insei (level 6, -4/47 HPs)
             Began as a Gnoll Transmuter on Feb 6, 2018.
             Was an Initiate of the Shining One.
             Slain by Grinder (6 damage)
             ... while paralysed by Grinder
             ... on level 3 of the Dungeon.
             The game lasted 00:07:51 (2624 turns).

Rrauwl the Insei (Gnoll Transmuter)                 Turns: 2624, Time: 00:07:52

Health: -4/47      AC:  4    Str: 16    XL:     6   Next: 66%
Magic:  15/15      EV:  2    Int: 20    God:    the Shining One [......]
Gold:   96         SH:  0    Dex: 18    Spells: 7/15 levels left

rFire    . . .     SeeInvis .     - Unarmed
rCold    . . .     Gourm    .   (no shield)
rNeg     . . .     Faith    .   n - +1 animal skin
rPois    .         Spirit   .   g - +0 helmet
rElec    .         Reflect  .   (no cloak)
rCorr    .         Harm     .   (no gloves)
MR       .....                  (no boots)
Stlth    +.........             (no amulet)
HPRegen  0.15/turn              (no ring)
MPRegen  0.14/turn              (no ring)

@: paralysed, brilliant, glowing
A: distributed training, fangs 1, agile 1, high mp 1, strong 1, strong nose
a: Renounce Religion


You were on level 3 of the Dungeon.
You worshipped the Shining One.
The Shining One was noncommittal.
You were not hungry.

You visited 1 branch of the dungeon, and saw 3 of its levels.

You collected 96 gold pieces.

Inventory:

Missiles
 a - 23 arrows
Armour
 g - a +0 helmet (worn)
 n - a +1 animal skin (worn)
Jewellery
 k - an uncursed ring of flight {unknown}
Wands
 j - a wand of flame (26)
 l - a wand of digging (8)
Scrolls
 e - 2 scrolls of teleportation
 f - 2 scrolls of magic mapping
 h - 2 scrolls of enchant armour
 i - 5 scrolls of identify
Books
 c - a book of Changes

   Spells                             Type                      Level
   a - Beastly Appendage              Transmutation                1
   b - Sticks to Snakes               Transmutation                2
   c - Spider Form                    Transmutation/Poison         3
   d - Ice Form                       Ice/Transmutation            4
   e - Blade Hands                    Transmutation                5
Comestibles
 b - 5 chunks of flesh
 d - 5 rations


   Skills:
 + Level 3.3 Fighting
 + Level 2.0 Short Blades
 + Level 2.0 Long Blades
 + Level 2.0 Axes
 + Level 2.0 Maces & Flails
 + Level 2.0 Polearms
 + Level 2.0 Staves
 + Level 2.0 Slings
 + Level 2.0 Bows
 + Level 2.0 Crossbows
 + Level 2.0 Throwing
 + Level 2.0 Armour
 + Level 5.0 Dodging
 + Level 2.0 Stealth
 + Level 2.0 Shields
 + Level 6.8 Unarmed Combat
 + Level 5.4 Spellcasting
 + Level 1.6 Conjurations
 + Level 1.6 Hexes
 + Level 1.6 Charms
 + Level 1.6 Summonings
 + Level 1.6 Necromancy
 + Level 1.6 Translocations
 + Level 4.1 Transmutations
 + Level 1.6 Fire Magic
 + Level 1.6 Ice Magic
 + Level 1.6 Air Magic
 + Level 1.6 Earth Magic
 + Level 1.6 Poison Magic
 + Level 2.2 Invocations
 + Level 2.0 Evocations


You had 7 spell levels left.
You knew the following spells:

 Your Spells              Type           Power        Failure   Level  Hunger
a - Beastly Appendage     Tmut           ####..       1%          1    None
b - Blade Hands           Tmut           ####......   7%          5    #####..
c - Sticks to Snakes      Tmut           ####....     1%          2    None


Dungeon Overview and Level Annotations

Branches:
Dungeon (3/15)

Altars:
Cheibriados
Dithmenos
Hepliaklqana
The Shining One

Annotations:
D:3 Grinder


Innate Abilities, Weirdness & Mutations

Your experience applies equally to all skills.
You have very sharp teeth.
Your uncanny sense of smell can sniff out nearby items.
You are agile. (Dex +2)
You have an increased reservoir of magic. (+10% MP)
Your muscles are strong. (Str +2)


Message History

You completely miss Grinder.
Grinder is almost dead.
The orc wizard hits you with a dagger. Grinder hits you.
* * * LOW HITPOINT WARNING * * *
You writhe in agony.
* * * LOW HITPOINT WARNING * * *
You barely miss Grinder.
Grinder is almost dead.
The orc wizard casts a spell at you. The magic dart hits you!
* * * LOW HITPOINT WARNING * * *
You barely miss Grinder.
Grinder is almost dead.
Grinder gestures at you.
You suddenly lose the ability to move!
The orc wizard hits you but does no damage.
Grinder hits you.
* * * LOW HITPOINT WARNING * * *
You writhe in agony.
You die...

..................# ##
...................####.
......................'.
....................###.
....................# ##
...................## #
...................#
........o..........#
......5@...........##
................(...####
.......[.........(......
..........(........###.#
...................# #.#
...................# #.#
........############ #.#
######### #.# #..


You could see Grinder and an orc wizard.

Vanquished Creatures
  A necrophage (D:2)
  A bullfrog (D:3)
  Jessica (D:2)
  Terence (D:2)
  Robin (D:2)
  4 gnolls (D:3)
  5 adders
  A shadow imp (D:3)
  A worm (D:2)
  3 dart slugs
  4 orcs (D:3)
  10 goblins
  3 hobgoblins
  3 jackals (D:2)
  3 kobolds
  A quokka (D:3)
  A ball python (D:3)
  4 bats
  4 frilled lizards
  5 rats
57 creatures vanquished.

Vanquished Creatures (collateral kills)
  A goblin (D:2)
  A rat (D:2)
2 creatures vanquished.

Grand Total: 59 creatures vanquished

Notes
Turn   | Place    | Note
-------+----------+-------------------------------------------
     0 | D:1      | Rrauwl the Gnoll Transmuter began the quest for the Orb.
     0 | D:1      | Reached XP level 1. HP: 17/17 MP: 6/6
   159 | D:1      | Reached XP level 2. HP: 18/23 MP: 7/7
   649 | D:2      | Found a hazy altar of Hepliaklqana.
   653 | D:2      | Noticed Jessica
   657 | D:2      | Noticed Robin
   659 | D:2      | Reached XP level 3. HP: 28/28 MP: 9/9
   895 | D:2      | Reached skill level 5 in Spellcasting
  1019 | D:2      | Noticed a necrophage
  1034 | D:2      | Killed a necrophage
  1034 | D:2      | Reached skill level 1 in Short Blades
  1034 | D:2      | Reached skill level 1 in Long Blades
  1034 | D:2      | Reached skill level 1 in Axes
  1034 | D:2      | Reached skill level 1 in Maces & Flails
  1034 | D:2      | Reached skill level 1 in Polearms
  1034 | D:2      | Reached skill level 1 in Staves
  1034 | D:2      | Reached skill level 1 in Slings
  1034 | D:2      | Reached skill level 1 in Bows
  1034 | D:2      | Reached skill level 1 in Crossbows
  1034 | D:2      | Reached skill level 1 in Throwing
  1034 | D:2      | Reached skill level 1 in Armour
  1034 | D:2      | Reached skill level 1 in Stealth
  1034 | D:2      | Reached skill level 1 in Shields
  1034 | D:2      | Reached skill level 1 in Conjurations
  1034 | D:2      | Reached skill level 1 in Hexes
  1034 | D:2      | Reached skill level 1 in Charms
  1034 | D:2      | Reached skill level 1 in Summonings
  1034 | D:2      | Reached skill level 1 in Necromancy
  1034 | D:2      | Reached skill level 1 in Translocations
  1034 | D:2      | Reached skill level 1 in Fire Magic
  1034 | D:2      | Reached skill level 1 in Ice Magic
  1034 | D:2      | Reached skill level 1 in Air Magic
  1034 | D:2      | Reached skill level 1 in Earth Magic
  1034 | D:2      | Reached skill level 1 in Poison Magic
  1034 | D:2      | Reached skill level 1 in Invocations
  1034 | D:2      | Reached skill level 1 in Evocations
  1034 | D:2      | Reached XP level 4. HP: 33/34 MP: 11/11
  1147 | D:2      | Reached XP level 5. HP: 40/40 MP: 12/12
  1154 | D:2      | Learned a level 5 spell: Blade Hands
  1206 | D:2      | Learned a level 2 spell: Sticks to Snakes
  1245 | D:2      | Noticed Terence
  1256 | D:2      | Killed Terence
  1266 | D:2      | Killed Jessica
  1568 | D:2      | Killed Robin
  1592 | D:2      | Found a glowing golden altar of the Shining One.
  1596 | D:2      | Became a worshipper of the Shining One
  1605 | D:2      | Found a shadowy altar of Dithmenos.
  1637 | D:3      | HP: 2/41 [gnoll/flail (11)]
  1640 | D:3      | Gained mutation: You are agile. (Dex +2) [potion of mutation]
  1640 | D:3      | Gained mutation: You have an increased reservoir of magic. (+10% MP) [potion of mutation]
  1640 | D:3      | Gained mutation: Your muscles are strong. (Str +2) [potion of mutation]
  1641 | D:3      | Reached XP level 6. HP: 2/47 MP: 12/15
  2386 | D:3      | Reached skill level 5 in Dodging
  2406 | D:3      | Found a snail-covered altar of Cheibriados.
  2608 | D:3      | Noticed Grinder
  2611 | D:3      | Paralysed by Grinder for 3 turns
  2622 | D:3      | HP: 2/47 [orc wizard/magic dart (9)]
  2623 | D:3      | Paralysed by Grinder for 7 turns
  2624 | D:3      | Slain by Grinder

Skill      XL: |  1  2  3  4  5  6 |
---------------+-------------------+-----
Spellcasting   | 5 |  5.4
Short Blades   | 1 2 |  2.0
Long Blades    | 1 2 |  2.0
Axes           | 1 2 |  2.0
Maces & Flails | 1 2 |  2.0
Polearms       | 1 2 |  2.0
Staves         | 1 2 |  2.0
Slings         | 1 2 |  2.0
Bows           | 1 2 |  2.0
Crossbows      | 1 2 |  2.0
Throwing       | 1 2 |  2.0
Armour         | 1 2 |  2.0
Stealth        | 1 2 |  2.0
Shields        | 1 2 |  2.0
Conjurations   | 1 |  1.6
Hexes          | 1 |  1.6
Charms         | 1 |  1.6
Summonings     | 1 |  1.6
Necromancy     | 1 |  1.6
Translocations | 1 |  1.6
Fire Magic     | 1 |  1.6
Ice Magic      | 1 |  1.6
Air Magic      | 1 |  1.6
Earth Magic    | 1 |  1.6
Poison Magic   | 1 |  1.6
Invocations    | 1 2 |  2.2
Evocations     | 1 2 |  2.0
Fighting       | 3 |  3.3
Transmutations | 4 |  4.1
Dodging        | 5 |  5.0
Unarmed Combat | |  6.8

Action                   |  1- 3 |  4- 6 || total
-------------------------+-------+-------++-------
Melee: Unarmed           |    62 |   151 ||   213
       Bite              |     8 |    16 ||    24
       Punch             |     3 |     1 ||     4
       Kick              |       |     6 ||     6
 Cast: Sticks to Snakes  |       |     3 ||     3
       Beastly Appendage |       |     1 ||     1
Evoke: Wand              |       |     4 ||     4
  Use: Scroll            |     5 |       ||     5
       Potion            |     3 |     3 ||     6
 Stab: Distracted        |       |     1 ||     1
  Eat: Chunk             |       |     6 ||     6
Armor: Robe              |    24 |     7 ||    31
       Animal skin       |       |    17 ||    17
Dodge: Dodged            |    45 |   108 ||   153
